 Dungeon Crawl Stone Soup version 0.14-a0-2810-g474977d (webtiles) character file.

325 Quh the Skirmisher (level 5, -2/48 HPs)
             Began as a Hill Orc Fighter on Feb 25, 2014.
             Killed from afar by an orc wizard (5 damage)
             ... with a puff of flame
             ... on Level 3 of the Dungeon.
             The game lasted 00:08:50 (2053 turns).

Quh the Skirmisher (Hill Orc Fighter)               Turns: 2053, Time: 00:08:51

HP  -2/48        AC 13     Str 20      XL: 5   Next: 74%
MP   5/5         EV  3     Int  8      God:
Gold 130         SH 19     Dex 10      Spells:  0 memorised,  4 levels left

rFire  . . .     SeeInvis .     a - +0 falchion (curse)
rCold  . . .     Clarity  .     o - +0 plate armour
rNeg   . . .     Conserve .     c - +0 orc shield
rPois  .         rCorr    .     (no helmet)
rElec  .         rRot     .     (no cloak)
SustAb . .       Spirit   .     (no gloves)
rMut   .         Warding  .     m - +0 pair of boots (curse)
Saprov + . .     Stasis   .     (no amulet)
MR     .....                    (no ring)
                                p - ring of flight

@: not resistant to hostile enchantments, extremely unstealthy
A: saprovore 1
a: Evoke Flight


You were on level 3 of the Dungeon.
You were hungry.

You visited 1 branch of the dungeon, and saw 3 of its levels.

You collected 130 gold pieces.

Inventory:

Hand weapons
 a - a cursed +0,+0 falchion (weapon)
 l - a cursed +0,-2 spear
 u - a +2,+0 dagger of pain
Missiles
 j - 47 darts (quivered)
 n - a poisoned dart
Armour
 b - a +0 orcish scale mail
 c - a +0 orcish shield (worn)
 m - a cursed +0 pair of boots (worn)
 o - a +0 plate armour (worn)
Comestibles
 d - a meat ration
 g - 2 apples
 h - a rotting chunk of goblin flesh
 s - a rotting chunk of bat flesh
 t - a bread ration
Scrolls
 r - 2 scrolls of fear {unknown}
Jewellery
 e - a cursed ring of teleportation
 p - a ring of flight (left hand)
Potions
 i - a potion of mutation {unknown}
 k - a potion of heal wounds {unknown}
 q - a potion of lignification {unknown}


   Skills:
 * Level 5.0 Fighting
 * Level 3.7 Long Blades
 + Level 1.5 Throwing
 * Level 4.4 Armour
 + Level 3.7 Shields


You had 4 spell levels left.
You didn't know any spells.

Dungeon Overview and Level Annotations

Branches:
Dungeon (3/16)

Altars:


Innate Abilities, Weirdness & Mutations

You can tolerate rotten meat.


Message History

* * * LOW HITPOINT WARNING * * *
There is an open door here.
Something hits you but does no damage. Something hits you but does no damage.
You hear some strange, mumbled words.
A puff of flame appears from out of thin air!
You block the puff of flame.
You hear some strange, mumbled words.
A puff of flame appears from out of thin air!
The puff of flame hits you! The puff of flame hits you!
* * * LOW HITPOINT WARNING * * *
A puff of flame appears from out of thin air!
The puff of flame hits you!
There is something rotten in your inventory. (slot h)
The magic dart hits you!
* * * LOW HITPOINT WARNING * * *
A puff of flame appears from out of thin air!
The puff of flame hits you!
You die...

#.%.....#..^.#..............#
#.......#.#.............###.#
###.......#.####.#######..###.#
+......>.......................
#####.#...######..............#
#######.#...######.##############
#.......#........#...............
'.......#..#####.#######.........
#......##..# #@# #.........
#......##..# #.# #.........
#......##..#####.#######.........
#......##.......r.....##.........
.......'...[..........##.........
#......#...[...........+.........
########..#...........##.........
#..#...........###########
#..#...........#


You could see a rat.

Vanquished Creatures
  2 hounds (D:2)
  An orc wizard (D:3)
  A gnoll (D:2)
  3 adders
  A worm (D:2)
  2 giant geckos (D:1)
  5 orcs (D:3)
  A giant cockroach (D:2)
  3 hobgoblins
  11 jackals
  2 quokkas (D:2)
  8 bats
  5 giant newts
  6 goblins
  6 kobolds
  8 rats
65 creatures vanquished.

Notes
Turn   | Place    | Note
--------------------------------------------------------------
     0 | D:1      | Quh, the Hill Orc Fighter, began the quest for the Orb.
     0 | D:1      | Reached XP level 1. HP: 19/19 MP: 1/1
   202 | D:1      | Reached XP level 2. HP: 27/27 MP: 2/2
   618 | D:2      | Reached XP level 3. HP: 30/33 MP: 3/3
   642 | D:2      | Reached skill level 4 in Fighting
   936 | D:2      | Reached skill level 1 in Throwing
   936 | D:2      | Reached XP level 4. HP: 26/40 MP: 4/4
  1074 | D:2      | Reached XP level 5. HP: 25/47 MP: 5/5
  1966 | D:3      | Reached skill level 5 in Fighting
  2051 | D:3      | HP: 2/48 [something/magic dart (7)]
  2053 | D:3      | Killed from afar by an orc wizard

Action                   |  1- 3 |  4- 6 || total
-------------------------+-------+-------++-------
Melee: Falchion          |   170 |   141 ||   311
  Use: Scroll            |       |     4 ||     4
